AoeStats
← Fries

Lombardia

509698144Analyzed
4v4 RM · 5d ago on Sep 27, 2026· 17m 57s· 8 players
Game mode
Random Map
Map size
Large (8 player)
Population
200
Speed
Normal
Resources
Standard
Victory
Conquest
Starting age
Dark Age
Ending age
Imperial Age
RankedLock teamsTeams togetherTeam positionsShared explorationLock speedFull tech treeHidden civsTurbo modeCheats
Victory
Defeat
🇹🇼 Mongols · Taiwan
1685
+10
🇹🇼 Saracens · Taiwan
1627
+12
1607
+13
🇹🇼 Persians · Taiwan
1589
+14
🇩🇪 Wu · Germany
1596
-15
🇺🇸 Danes · United States
1540
-12
🇬🇧 Byzantines · United Kingdom
1520
-11
🇺🇸 Spanish · United States
1508
-11
Deadbeat Dan
6:33 Loom
9:10 Feudal Age
9:42 Double-Bit Axe
10:17 Horse Collar
18:09 Castle Age
17:35 Stone Mining
koriko9397
10:54 Feudal Age
14:37 Castle Age
13:17 Double-Bit Axe
16:01 Bow Saw
Poggle-der-Fisch
6:54 Loom
9:09 Feudal Age
9:48 Double-Bit Axe
10:55 Horse Collar
JN-
11:05 Feudal Age
14:58 Castle Age
12:52 Horse Collar
13:27 Double-Bit Axe
15:51 Bow Saw
15:41 Heavy Plow
BøM_Sheuu
6:13 Loom
9:05 Feudal Age
9:50 Double-Bit Axe
14:05 Fletching
17:05 Wheelbarrow
17:10 Padded Archer Armor
Fries
10:44 Feudal Age
14:32 Castle Age
13:06 Double-Bit Axe
14:10 Horse Collar
BøM_antihack.exe
7:57 Feudal Age
8:46 Loom
9:34 Double-Bit Axe
13:24 Horse Collar
16:57 Forging
16:52 Scale Barding Armor
再吵去東湖框你媽出場
7:11 Loom
9:42 Feudal Age
10:16 Double-Bit Axe
10:13 Horse Collar
Connection lost

Rejoining the realm…

Still unreachable

The connection could not be restored.

Session expired

The server has moved on; the page needs a fresh start.